 Dungeon Crawl Stone Soup version 0.24-a0-284-g9fb9971df1 (webtiles) character file.

Game seed: 9342881583835328843

875 Redear the Sneak (level 8, 0/54 HPs)
             Began as an Octopode Fighter on May 5, 2019.
             Slain by an iguana (13 damage)
             ... on level 4 of the Dungeon.
             The game lasted 00:07:49 (4835 turns).

Redear the Sneak (Octopode Fighter)                 Turns: 4835, Time: 00:07:49

Health: 0/54       AC:  1    Str: 16    XL:     8   Next: 4%
Magic:  8/8        EV: 13    Int: 10    God:
Gold:   209        SH:  9    Dex: 13    Spells: 7/7 levels left

rFire    . . .     SeeInvis .   l - +0 whip
rCold    . . .     Gourm    .   b - +0 shield
rNeg     + . .     Faith    .   (helmet restricted)
rPois    .         Spirit   .   (no amulet)
rElec    .         Reflect  .   g - ring of positive energy {rN+}
rCorr    .         Harm     .   q - ring of wizardry {Wiz+}
MR       .....                  (no ring)
Stlth    ++++......             (no ring)
HPRegen  0.18/turn              (no ring)
MPRegen  0.11/turn              (no ring)
                                (no ring)
                                (no ring)

@: no status effects
A: almost no armour, stealthy swim, amphibious, 8 rings, constrict 8, camouflage
1, gelatinous body 1
a: no special abilities


You were on level 4 of the Dungeon.
You were hungry.

You visited 1 branch of the dungeon, and saw 5 of its levels.

You collected 209 gold pieces.

Inventory:

Hand Weapons
 a - a +0 flail
 l - a +0 whip (weapon)
 y - a +2 flail of holy wrath
Missiles
 u - 90 stones (quivered)
Armour
 b - a +0 shield (worn)
Jewellery
 g - a ring of positive energy (left tentacle) {rN+}
 q - a ring of wizardry (right tentacle) {Wiz+}
Wands
 x - a wand of random effects (21)
 P - a wand of paralysis (8)
Scrolls
 e - 2 scrolls of remove curse {unknown}
 h - 5 scrolls of identify {unknown}
 i - a scroll of magic mapping {unknown}
 j - 2 scrolls of noise {unknown}
 k - a scroll of blinking {unknown}
 m - a scroll of enchant weapon {unknown}
 n - a scroll of random uselessness {unknown}
 o - a scroll of enchant armour {unknown}
 v - a scroll of amnesia {unknown}
Potions
 c - a potion of might {Str+5 DMG+1d10 | @q3}
 d - a potion of flight {unknown}
 f - a potion of magic {unknown}
 p - a potion of cancellation
 r - a potion of haste {unknown}
 s - 3 potions of resistance {unknown}
 t - a potion of heal wounds {unknown}
 w - a potion of berserk rage {unknown}
 Q - a potion of curing {@q2}
Comestibles
 z - 9 rations


   Skills:
 + Level 4.9 Fighting
 + Level 4.3 Maces & Flails
 + Level 4.8 Dodging
 + Level 5.3 Stealth
 + Level 4.9 Shields


You had 7 spell levels left.
You didn't know any spells.
Your spell library was empty.

Dungeon Overview and Level Annotations

Branches:
Dungeon (5/15)
 Temple: D:4-7

Altars:


Innate Abilities, Weirdness & Mutations

You cannot wear most types of armour.
You are very stealthy in the water. (Stealth+)
You are amphibious.
You can wear up to eight rings at the same time.
You can use your tentacles to constrict eight enemies at once.
Your skin changes colour to match your surroundings (Stealth+).
Your rubbery body absorbs attacks. (AC +1, EV +1)


Message History

You take 21 damage, and have 25/54 hp.
MASSIVE DAMAGE!!
The iguana bites you!
You take 9 damage, and have 18/54 hp.
The orc wizard points at you and mumbles some strange words.
You resist with some effort.
An orc comes into view. It is wielding a +0 hand axe.
The orc wizard casts a spell.
The orc wizard blinks!
There is a stone staircase leading up here.
You see here 2 arrows.
The iguana bites you!
* * * LOW HITPOINT WARNING * * *
You climb upwards.
There is a stone staircase leading down here.
You take 13 damage, and have 13/54 hp.
MASSIVE DAMAGE!!
You are too injured to fight recklessly!
You hit the iguana but do no damage. You grab the iguana.
You constrict the iguana, but do no damage.
The iguana bites you!
You die...

########...#
...........##########
########............#
......##....#######.##########
......##....#.....#.##.......#
.......#....#(###............#
.....#.#................8#8..#
.....#.#...##.##........#(#.##
...........(...l@.......8#8.#
.....##.#.#.#(##............#
.....##...#.#†#..##.#########
.....###..#.#.#.....#
########..#.#.#..####
#....>#...#....<#
#.......#.#...#######
#...................###
#......##.##.#........#


You could see an iguana.

Vanquished Creatures
  Eustachio (D:5)
  Edmund (D:5)
  A centaur (D:5)
  An ogre (D:5)
  2 crimson imps (D:5)
  A hound (D:4)
  2 bullfrog skeletons (D:5)
  An iguana (D:4)
  Natasha (thrice) (D:2)
  A worker ant (D:5)
  A hound skeleton (D:5)
  A worker ant zombie (D:5)
  6 adders
  A shadow imp (D:5)
  2 oozes (D:2)
  4 worms
  3 dart slugs (D:1)
  2 leopard geckos
  11 orcs
  A ball python (D:2)
  6 giant cockroaches
  10 goblins
  8 hobgoblins
  4 jackals
  A quokka (D:4)
  6 bats
  9 frilled lizards
  3 kobolds
  A leopard gecko skeleton (D:4)
  2 rats
96 creatures vanquished.

Notes
Turn   | Place    | Note
-------+----------+-------------------------------------------
     0 | D:1      | Redear the Octopode Fighter began the quest for the Orb.
     0 | D:1      | Reached XP level 1. HP: 16/16 MP: 1/1
   181 | D:1      | Reached XP level 2. HP: 17/21 MP: 2/2
   182 | D:1      | Reached skill level 1 in Stealth
   306 | D:1      | Reached XP level 3. HP: 21/26 MP: 3/3
  1003 | D:2      | Noticed Natasha
  1011 | D:2      | Killed Natasha
  1011 | D:2      | Reached skill level 2 in Stealth
  1011 | D:2      | Reached XP level 4. HP: 14/31 MP: 4/4
  1405 | D:2      | Found a faded altar of an unknown god.
  1451 | D:2      | Noticed Natasha
  1462 | D:2      | Killed Natasha
  1462 | D:2      | Reached XP level 5. HP: 35/37 MP: 5/5
  1472 | D:2      | Noticed Natasha
  1483 | D:2      | Killed Natasha
  1705 | D:3      | Reached skill level 3 in Maces & Flails
  1987 | D:3      | Reached skill level 3 in Stealth
  2848 | D:4      | Reached XP level 6. HP: 25/43 MP: 6/6
  3074 | D:4      | Reached skill level 4 in Fighting
  3074 | D:4      | Reached skill level 4 in Dodging
  3074 | D:4      | Reached skill level 4 in Shields
  3398 | D:5      | Entered Level 5 of the Dungeon
  3404 | D:5      | Noticed Eustachio
  3561 | D:5      | Killed Eustachio
  3561 | D:5      | Reached skill level 4 in Stealth
  3565 | D:5      | Reached XP level 7. HP: 23/48 MP: 7/7
  4040 | D:5      | HP: 4/49 [centaur (7)]
  4041 | D:5      | Reached skill level 4 in Maces & Flails
  4417 | D:5      | Noticed Edmund
  4434 | D:5      | Killed Edmund
  4434 | D:5      | Reached skill level 5 in Stealth
  4551 | D:5      | Reached XP level 8. HP: 52/54 MP: 8/8
  4835 | D:4      | Slain by an iguana

Levels and vault maps discovered:
D:1:      dpeg_arrival_solitude, layout_basic
D:2:      layout_basic, chequers_ecumenical_altar_simple, uniq_natasha
D:3:      layout_basic, serial_curves, eino_curves_04, eino_curves_01,
          eino_curves_01, eino_curves_04
D:4:      layout_basic, first_ration, minmay_statues_item,
          kennysheep_generic_room_11
D:5:      minmay_recursive_quarters, layout_basic, uniq_edmund, uniq_eustachio

Skill      XL: |  1  2  3  4  5  6  7 |
---------------+----------------------+-----
Stealth        | 1 2 3 4 5 |  5.3
Maces & Flails | 3 4 |  4.3
Fighting       | 4 |  4.9
Dodging        | 4 |  4.8
Shields        | 4 |  4.9

Action                   |  1- 3 |  4- 6 |  7- 9 || total
-------------------------+-------+-------+-------++-------
Melee: Flail             |    38 |       |       ||    38
       Constrict         |    18 |    32 |    12 ||    62
       Tentacles         |     8 |    29 |    21 ||    58
       Whip              |    21 |   115 |    59 ||   195
  Use: Potion            |       |       |     4 ||     4
 Stab: Sleeping          |     9 |    14 |     1 ||    24
  Eat: Chunk             |       |     7 |     1 ||     8
       Ration            |       |       |     1 ||     1
Armor: Skin              |     1 |     7 |     1 ||     9
Dodge: Dodged            |    37 |    36 |    22 ||    95
Block: Shield            |       |    24 |    16 ||    40

Table legend:
 A = Non-vault XP
 B = Vault XP
 C = Vault XP percentage of total XP
 D = Non-vault monster count
 E = Vault monster count
 F = Vault count percentage of total count
                 A         B        C        D         E       F
            +---------+---------+-------+---------+---------+-------
      Total |     878 |     373 |  29.8 |      93 |       3 |   3.1
            +---------+---------+-------+---------+---------+-------
        D:1 |      46 |       0 |   0.0 |      24 |       0 |   0.0
        D:2 |     134 |      35 |  20.7 |      18 |       1 |   5.3
        D:3 |      65 |       0 |   0.0 |      23 |       0 |   0.0
        D:4 |     124 |       0 |   0.0 |      12 |       0 |   0.0
        D:5 |     509 |     338 |  39.9 |      16 |       2 |  11.1
            +---------+---------+-------+---------+---------+-------
